Pick #1

Connor Bedard
Pick #2

Leo Carlsson
Pick #3

Adam Fantilli
Pick #4

Matvei Michkov
Pick #5

David Reinbacher
Pick #6

William Smith
Pick #7

Zachary Benson
Pick #8

Ryan Leonard
Pick #9

Gabriel Perreault
Pick #10

Axel Sandin-Pellika
Pick #11

Daniil But
Pick #12

Dalibor Dvorsky
Pick #13

Quentin Musty
Pick #14

Brayden Yager
Pick #15

Dmitry Simashev
Pick #16

Colby Barlow
Pick #17

Andrew Cristall
Pick #18

Easton Cowan
Pick #19

Jacob Fowler
Pick #20

Oliver Moore
Pick #21

Oliver Bonk
Pick #22

Tom Willander
Pick #23

Calum Ritchie
Pick #24

Tanner Molendyk
Pick #25

Gavin Brindley
Pick #26

Nate Danielson
Pick #27

Pick #28

Pick #29

Pick #30

Pick #31

Pick #32

Pick #33

Pick #34

Pick #35

Pick #36

Pick #37

Pick #38

Pick #39

Pick #40

Pick #41

Pick #42

Pick #43

Pick #44

Pick #45

Pick #46

Pick #47

Pick #48

Pick #49

Pick #50

Pick #51

Pick #52

Pick #53

Pick #54

Pick #55

Pick #56

Pick #57

Pick #58

Pick #59

Pick #60

Pick #61

Pick #62

Pick #63

Pick #64

Pick #65

Pick #66

Pick #67

Pick #68

Pick #69

Pick #70

Pick #71

Pick #72

Pick #73

Pick #74

Pick #75

Pick #76

Pick #77

Pick #78

Pick #79

Pick #80

Pick #81

Pick #82

Pick #83

Pick #84

Pick #85

Pick #86

Pick #87

Pick #88

Pick #89

Pick #90

Pick #91

Pick #92

Pick #93

Pick #94

Pick #95

Pick #96

Pick #97

Pick #98

Pick #99

Pick #100

Pick #101

Pick #102

Pick #103

Pick #104

Pick #105

Pick #106

Pick #107

Pick #108

Pick #109

Pick #110

Pick #111

Pick #112

Pick #113

Pick #114

Pick #115

Pick #116

Pick #117

Pick #118

Pick #119

Pick #120

Pick #121

Pick #122

Pick #123

Pick #124

Pick #125

Pick #126

Pick #127

Pick #128

Pick #129

Pick #130

Full Scoreboard »»

Jets vs Flames (R4)

Created - November 9, 2023 at 22:53

Goals
1 2 3 OT1 SO T
Jets 1 2 1 0 2 5
Flames 1 1 2 0 1 4
Shots
1 2 3 OT1 SO T
Jets 12 18 8 3 4 41
Flames 5 9 10 5 4 29

GoalsPenalties
1st period
1. Flames , Jared Spurgeon 2 (John Tavares 8) at 9:23 (PP)
2. Jets , Thomas Novak 2 (Colin Miller 2, Garnet Hathaway 1) at 14:31
Connor Murphy (WPG) for Tripping (Minor) at 0:57
Adam Larsson (CGY) for Holding (Minor) at 1:22
Mark Jankowski (WPG) for Boarding (Minor) at 4:04
Connor Murphy (WPG) for Roughing (Minor) at 8:23
Adam Larsson (CGY) for Roughing (Minor) at 11:50
Josh Morrissey (CGY) for Tripping (Minor) at 14:42
Erik Gudbranson (CGY) for Tripping (Minor) at 16:04
2nd period
3. Jets , Oliver Bjorkstrand 4 (Torey Krug 7, Andreas Athanasiou 8) at 0:43
4. Jets , Torey Krug 3 (Hampus Lindholm 11, Nick Schmaltz 10) at 3:49 (PP)
5. Flames , Sebastian Aho 10 (Esa Lindell 5) at 4:27
Josh Morrissey (CGY) for Interference (Minor) at 1:34
Lawson Crouse (CGY) for Roughing (Minor) at 1:57
Adam Larsson (CGY) for Roughing (Minor) at 2:22
Oliver Bjorkstrand (WPG) for Roughing (Minor) at 6:48
Josh Morrissey (CGY) for Roughing (Minor) at 10:47
Joe Veleno (WPG) for Hooking (Minor) at 12:59
3rd period
6. Flames , Sebastian Aho 11 (Jakub Vrana 5, Josh Morrissey 5) at 2:53
7. Flames , Jordan Kyrou 7 (Lawson Crouse 9, Alex DeBrincat 3) at 10:01
8. Jets , Nick Schmaltz 7 (Reilly Smith 7, Torey Krug 8) at 10:32
Reilly Smith (WPG) for Goalie Interference (Minor) at 4:16
Josh Morrissey (CGY) for Interference (Minor) at 17:47
Erik Gudbranson (CGY) for Holding (Minor) at 19:39
Overtime #1
No Goal
Shootout
Jets, Victor Olofsson - Stopped by Vitek Vanecek
Flames, Steven Stamkos - Stopped by Dan Vladar
Jets, Reilly Smith - Goal!
Flames, John Tavares - Goal!
Jets, Oliver Bjorkstrand - Shot Misses the Net
Flames, Sebastian Aho - Shot Misses the Net
Jets, Andre Burakovsky - Goal!
Flames, Alex DeBrincat - Stopped by Dan Vladar
Goalie Stats
Dan Vladar (WPG), 25 saves from 29 shots - (0.862), W, 3-1-0, 65:00 minutes
Vitek Vanecek (CGY), 37 saves from 41 shots - (0.902), OTL, 7-5-2, 65:00 minutes
3 StarsOfficial
1 - Torey Krug (WPG)
2 - Sebastian Aho (CGY)
3 - Nick Schmaltz (WPG)
Referees : Kelly Sutherland and Jake Brenk
Linesman : Shaun Morgan and Matt MacPherson
Game Note
No Game Note
Finance
Level 1 -- Attendance: 5434 (83.60%) -- Ticket Income $679,250
Level 2 -- Attendance: 5000 (100.00%) -- Ticket Income $375,000
Level 3 -- Attendance: 3500 (100.00%) -- Ticket Income $175,000
Level 4 -- Attendance: 2496 (75.89%) -- Ticket Income $107,328
Luxury Box -- Attendance: 1000 (100.00%) -- Ticket Income $150,000
Game was played at the Scotiabank Saddledome.
Total Attendance: 17430 (90.36%)
Total Ticket Income: $1,486,578
Other Income: $371,644
Total Income: $1,858,222



Team Name Goals Shots Shots Attemp Shots Blocked PIM HIT PP PK FO%
Jets 54175812201 / 10 (10%)148%
Flames 42963920211 / 6 (17%)152%

Jets
Player Name POS G A P +/- PIM HIT SHT SB MP PP MP PP SHT PK MP PK SHT FO% FOT
Andre BurakovskyLW0000001021:526:2310:2100% 2
Andreas AthanasiouC0110006023:115:5515:46157% 37
Colin MillerD0110040110:120:0000:1200% 0
Connor MurphyD0001460117:080:0003:5700% 0
Dmitry OrlovD000-1013127:445:3835:1200% 0
Garnet HathawayRW011000007:580:0002:100100% 1
Gustav NyquistC0000011012:580:2503:0800% 1
Hampus LindholmD011-1012130:077:0514:4700% 0
Joe VelenoC000020105:470:0000:0000% 0
Mark JankowskiC0000232011:030:0002:33067% 12
Nate SchmidtD0000002015:455:3820:0000% 0
Nick SchmaltzC1120017022:246:2320:00045% 44
Oliver BjorkstrandRW1010204116:416:2020:00033% 3
Oskar SundqvistC000001008:310:0000:00050% 2
Reilly SmithRW0110225126:596:2324:44025% 4
Thomas NovakC101000105:480:0000:0000% 4
Torey KrugD1231003225:417:0534:3400% 0
Victor OlofssonLW0000003015:496:2020:0000% 0
Flames
Player Name POS G A P +/- PIM HIT SHT SB MP PP MP PP SHT PK MP PK SHT FO% FOT
Adam LarssonD0000611121:544:2805:1000% 0
Alex DeBrincatRW0110001017:035:1700:0000% 1
Calvin de HaanD000000005:380:0004:2500% 0
Erik GudbransonD0000450114:070:0004:4500% 0
Esa LindellD0110011123:594:2916:4900% 0
Jakub VranaLW0110000012:560:0000:1200% 0
Jared SpurgeonD1010022329:354:5227:3200% 0
John TavaresC0110000022:085:1706:18068% 34
Jordan EberleRW000001103:290:0000:0000% 0
Jordan KyrouC1010004016:244:0401:18036% 22
Josh MorrisseyD0110832221:034:5220:0000% 0
Kirill MarchenkoRW0000001014:455:1700:0000% 0
Lawson CrouseLW0110240015:050:0004:0300% 0
Pierre-Edouard BellemareLW0000000010:330:0005:5100% 1
Ryan LindgrenD0000010010:140:0000:0000% 0
Sean KuralyC0000011017:350:0006:46050% 22
Sebastian AhoC20200111022:254:0400:00050% 10
Steven StamkosC0000014119:044:0400:00050% 20



Play-by-Play

1st period


0:01 of 1st period - Nick Schmaltz wins face-off versus Steven Stamkos in neutral zone.
0:43 of 1st period - Icing by Sebastian Aho.
0:44 of 1st period - Andreas Athanasiou wins face-off versus Steven Stamkos in Flames zone.
0:45 of 1st period - Shot by Gustav Nyquist.
0:45 of 1st period - Stopped by Vitek Vanecek without a rebound.
0:46 of 1st period - Andreas Athanasiou wins face-off versus Jordan Kyrou in Flames zone.
0:46 of 1st period - Gustav Nyquist is hit by Esa Lindell and loses puck.
0:57 of 1st period - Minor Penalty to Connor Murphy for Tripping.
0:58 of 1st period - John Tavares wins face-off versus Andreas Athanasiou in Jets zone.
1:22 of 1st period - Minor Penalty to Adam Larsson for Holding.
1:23 of 1st period - Sean Kuraly wins face-off versus Nick Schmaltz in Flames zone.
3:44 of 1st period - Steven Stamkos is hit by Connor Murphy and loses puck.
4:02 of 1st period - Icing by Esa Lindell.
4:03 of 1st period - Steven Stamkos wins face-off versus Mark Jankowski in Flames zone.
4:03 of 1st period - Steven Stamkos is hit by Oskar Sundqvist.
4:04 of 1st period - Minor Penalty to Mark Jankowski for Boarding.
4:05 of 1st period - John Tavares wins face-off versus Andreas Athanasiou in Jets zone.
4:06 of 1st period - Shot by Jared Spurgeon.
4:06 of 1st period - Shot Misses the Net.
4:08 of 1st period - Shot by Josh Morrissey.
4:08 of 1st period - Stopped by Dan Vladar without a rebound.
4:09 of 1st period - John Tavares wins face-off versus Andreas Athanasiou in Jets zone.
4:37 of 1st period - Shot by Jared Spurgeon.
4:37 of 1st period - Shot Hit the Post.
5:41 of 1st period - Shot by Sebastian Aho.
5:41 of 1st period - Shot Misses the Net.
5:43 of 1st period - Shot by Esa Lindell.
5:43 of 1st period - Deflect By Steven Stamkos.
5:43 of 1st period - Shot Misses the Net.
5:51 of 1st period - Shot by Sebastian Aho.
5:51 of 1st period - Shot Blocked by Connor Murphy.
6:01 of 1st period - Shot by Jared Spurgeon.
6:01 of 1st period - Stopped by Dan Vladar without a rebound.
6:02 of 1st period - Garnet Hathaway wins face-off versus John Tavares in Jets zone.
6:12 of 1st period - Sebastian Aho is hit by Colin Miller and loses puck.
7:37 of 1st period - Hampus Lindholm is hit by Josh Morrissey and loses puck.
7:57 of 1st period - Off-side.
7:58 of 1st period - Andreas Athanasiou wins face-off versus Jordan Kyrou in neutral zone.
8:23 of 1st period - Minor Penalty to Connor Murphy for Roughing.
8:24 of 1st period - Steven Stamkos wins face-off versus Andreas Athanasiou in Jets zone.
8:25 of 1st period - Shot by Sebastian Aho.
8:25 of 1st period - Shot Blocked by Hampus Lindholm.
9:21 of 1st period - Shot by Josh Morrissey.
9:21 of 1st period - Stopped by Dan Vladar without a rebound.
9:22 of 1st period - John Tavares wins face-off versus Andreas Athanasiou in Jets zone.
9:23 of 1st period - Shot by Jared Spurgeon.
9:23 of 1st period - Goal by Jared Spurgeon - Jets : 0 - Flames : 1.
9:24 of 1st period - Sebastian Aho wins face-off versus Nick Schmaltz in neutral zone.
9:28 of 1st period - Ryan Lindgren is hit by Colin Miller and loses puck.
9:31 of 1st period - Shot by Pierre-Edouard Bellemare.
9:31 of 1st period - Shot Blocked by Reilly Smith.
9:33 of 1st period - Shot by Pierre-Edouard Bellemare.
9:33 of 1st period - Shot Misses the Net.
9:35 of 1st period - Shot by Sebastian Aho.
9:35 of 1st period - Shot Misses the Net.
9:37 of 1st period - Shot by Pierre-Edouard Bellemare.
9:37 of 1st period - Shot Blocked by Colin Miller.
9:39 of 1st period - Shot by Sebastian Aho.
9:39 of 1st period - Shot Misses the Net.
10:05 of 1st period - Shot by Jordan Eberle.
10:05 of 1st period - Shot Misses the Net.
10:28 of 1st period - Jared Spurgeon is hit by Connor Murphy and loses puck.
10:33 of 1st period - Shot by Alex DeBrincat.
10:33 of 1st period - Shot Misses the Net.
10:53 of 1st period - Shot by Jordan Kyrou.
10:53 of 1st period - Stopped by Dan Vladar without a rebound.
10:54 of 1st period - John Tavares wins face-off versus Oliver Bjorkstrand in Jets zone.
11:50 of 1st period - Minor Penalty to Adam Larsson for Roughing.
11:51 of 1st period - Jordan Kyrou wins face-off versus Reilly Smith in Flames zone.
12:57 of 1st period - Shot by Andreas Athanasiou.
12:57 of 1st period - Stopped by Vitek Vanecek without a rebound.
12:58 of 1st period - Nick Schmaltz wins face-off versus Sean Kuraly in Flames zone.
12:59 of 1st period - Shot by Dmitry Orlov.
12:59 of 1st period - Stopped by Vitek Vanecek without a rebound.
13:00 of 1st period - Nick Schmaltz wins face-off versus Pierre-Edouard Bellemare in Flames zone.
13:13 of 1st period - Shot by Andre Burakovsky.
13:13 of 1st period - Shot Misses the Net.
13:15 of 1st period - Shot by Dmitry Orlov.
13:15 of 1st period - Shot Misses the Net.
13:17 of 1st period - Shot by Reilly Smith.
13:17 of 1st period - Stopped by Vitek Vanecek without a rebound.
13:18 of 1st period - John Tavares wins face-off versus Andreas Athanasiou in Flames zone.
13:39 of 1st period - Shot by Hampus Lindholm.
13:39 of 1st period - Shot Blocked by Jared Spurgeon.
13:41 of 1st period - Shot by Hampus Lindholm.
13:41 of 1st period - Shot Misses the Net.
13:43 of 1st period - Shot by Victor Olofsson.
13:43 of 1st period - Stopped by Vitek Vanecek without a rebound.
13:44 of 1st period - John Tavares wins face-off versus Nick Schmaltz in Flames zone.
14:26 of 1st period - Garnet Hathaway is hit by Erik Gudbranson and loses puck.
14:31 of 1st period - Shot by Thomas Novak.
14:31 of 1st period - Goal by Thomas Novak - Jets : 1 - Flames : 1.
14:32 of 1st period - Nick Schmaltz wins face-off versus Jordan Kyrou in neutral zone.
14:42 of 1st period - Minor Penalty to Josh Morrissey for Tripping.
14:43 of 1st period - Andreas Athanasiou wins face-off versus Sean Kuraly in Flames zone.
15:49 of 1st period - Lawson Crouse is hit by Reilly Smith.
16:00 of 1st period - Nick Schmaltz is hit by Erik Gudbranson and loses puck.
16:04 of 1st period - Minor Penalty to Erik Gudbranson for Tripping.
16:05 of 1st period - Sean Kuraly wins face-off versus Reilly Smith in Flames zone.
16:21 of 1st period - Shot by Dmitry Orlov.
16:21 of 1st period - Stopped by Vitek Vanecek without a rebound.
16:22 of 1st period - Andreas Athanasiou wins face-off versus John Tavares in Flames zone.
16:37 of 1st period - Shot by Torey Krug.
16:37 of 1st period - Stopped by Vitek Vanecek without a rebound.
16:38 of 1st period - Nick Schmaltz wins face-off versus Sean Kuraly in Flames zone.
16:38 of 1st period - Reilly Smith is hit by Jared Spurgeon and loses puck.
16:51 of 1st period - Shot by Andre Burakovsky.
16:51 of 1st period - Stopped by Vitek Vanecek without a rebound.
16:52 of 1st period - Andreas Athanasiou wins face-off versus Sean Kuraly in Flames zone.
16:55 of 1st period - Shot by Oliver Bjorkstrand.
16:55 of 1st period - Stopped by Vitek Vanecek without a rebound.
16:56 of 1st period - Sean Kuraly wins face-off versus Nick Schmaltz in Flames zone.
17:11 of 1st period - Shot by Nick Schmaltz.
17:11 of 1st period - Shot Misses the Net.
17:27 of 1st period - Shot by Torey Krug.
17:27 of 1st period - Shot Blocked by Esa Lindell.
17:29 of 1st period - Shot by Torey Krug.
17:29 of 1st period - Stopped by Vitek Vanecek without a rebound.
17:30 of 1st period - John Tavares wins face-off versus Andreas Athanasiou in Flames zone.
17:38 of 1st period - Icing by Dmitry Orlov.
17:39 of 1st period - Andreas Athanasiou wins face-off versus Sean Kuraly in Jets zone.
18:46 of 1st period - Steven Stamkos is hit by Connor Murphy.
18:53 of 1st period - Off-side.
18:54 of 1st period - Jordan Kyrou wins face-off versus Andreas Athanasiou in neutral zone.
19:11 of 1st period - Off-side.
19:12 of 1st period - Mark Jankowski wins face-off versus John Tavares in neutral zone.
19:33 of 1st period - Shot by Mark Jankowski.
19:33 of 1st period - Stopped by Vitek Vanecek without a rebound.
19:34 of 1st period - Andreas Athanasiou wins face-off versus Jordan Kyrou in Flames zone.
Goals for this period are 1 for Jets vs 1 for Flames.
Shots for this period are 12 for Jets vs 5 for Flames.

2nd period


0:01 of 2nd period - Jordan Kyrou wins face-off versus Nick Schmaltz in neutral zone.
0:04 of 2nd period - Shot by Alex DeBrincat.
0:04 of 2nd period - Stopped by Dan Vladar without a rebound.
0:05 of 2nd period - Nick Schmaltz wins face-off versus Steven Stamkos in Jets zone.
0:05 of 2nd period - Nick Schmaltz is hit by Steven Stamkos.
0:25 of 2nd period - Off-side.
0:26 of 2nd period - Andreas Athanasiou wins face-off versus Jordan Kyrou in neutral zone.
0:43 of 2nd period - Shot by Oliver Bjorkstrand.
0:43 of 2nd period - Goal by Oliver Bjorkstrand - Jets : 2 - Flames : 1.
0:44 of 2nd period - Nick Schmaltz wins face-off versus Steven Stamkos in neutral zone.
1:11 of 2nd period - Shot by Sebastian Aho.
1:11 of 2nd period - Stopped by Dan Vladar without a rebound.
1:12 of 2nd period - Andreas Athanasiou wins face-off versus Alex DeBrincat in Jets zone.
1:25 of 2nd period - Shot by Oliver Bjorkstrand.
1:25 of 2nd period - Stopped by Vitek Vanecek without a rebound.
1:26 of 2nd period - Mark Jankowski wins face-off versus John Tavares in Flames zone.
1:34 of 2nd period - Minor Penalty to Josh Morrissey for Interference.
1:35 of 2nd period - Nick Schmaltz wins face-off versus Sean Kuraly in Flames zone.
1:57 of 2nd period - Minor Penalty to Lawson Crouse for Roughing.
1:58 of 2nd period - John Tavares wins face-off versus Andreas Athanasiou in Flames zone.
2:22 of 2nd period - Minor Penalty to Adam Larsson for Roughing.
2:23 of 2nd period - Nick Schmaltz wins face-off versus Sean Kuraly in Flames zone.
2:28 of 2nd period - Shot by Reilly Smith.
2:28 of 2nd period - Stopped by Vitek Vanecek without a rebound.
2:29 of 2nd period - Sean Kuraly wins face-off versus Nick Schmaltz in Flames zone.
2:54 of 2nd period - Shot by Hampus Lindholm.
2:54 of 2nd period - Shot Misses the Net.
2:56 of 2nd period - Shot by Nick Schmaltz.
2:56 of 2nd period - Stopped by Vitek Vanecek without a rebound.
2:57 of 2nd period - Andreas Athanasiou wins face-off versus John Tavares in Flames zone.
2:57 of 2nd period - Oliver Bjorkstrand is hit by Jared Spurgeon and loses puck.
3:04 of 2nd period - Shot by Victor Olofsson.
3:04 of 2nd period - Shot Misses the Net.
3:18 of 2nd period - Shot by Nate Schmidt.
3:18 of 2nd period - Deflect By Victor Olofsson.
3:18 of 2nd period - Stopped by Vitek Vanecek without a rebound.
3:19 of 2nd period - Sean Kuraly wins face-off versus Nick Schmaltz in Flames zone.
3:36 of 2nd period - Shot by Reilly Smith.
3:36 of 2nd period - Shot Misses the Net.
3:47 of 2nd period - Shot by Hampus Lindholm.
3:47 of 2nd period - Shot Misses the Net.
3:49 of 2nd period - Shot by Torey Krug.
3:49 of 2nd period - Goal by Torey Krug - Jets : 3 - Flames : 1.
3:50 of 2nd period - Andreas Athanasiou wins face-off versus John Tavares in neutral zone.
4:09 of 2nd period - Shot by Nate Schmidt.
4:09 of 2nd period - Stopped by Vitek Vanecek without a rebound.
4:10 of 2nd period - Sean Kuraly wins face-off versus Nick Schmaltz in Flames zone.
4:27 of 2nd period - Shot by Sebastian Aho.
4:27 of 2nd period - Goal by Sebastian Aho - Jets : 3 - Flames : 2.
4:28 of 2nd period - Andreas Athanasiou wins face-off versus Jordan Kyrou in neutral zone.
4:32 of 2nd period - Dmitry Orlov is hit by Lawson Crouse and loses puck.
4:41 of 2nd period - Shot by Oliver Bjorkstrand.
4:41 of 2nd period - Shot Misses the Net.
4:45 of 2nd period - Shot by Andreas Athanasiou.
4:45 of 2nd period - Stopped by Vitek Vanecek with a rebound.
4:47 of 2nd period - Shot by Andreas Athanasiou.
4:47 of 2nd period - Shot Misses the Net.
4:49 of 2nd period - Shot by Hampus Lindholm.
4:49 of 2nd period - Shot Misses the Net.
4:51 of 2nd period - Shot by Andreas Athanasiou.
4:51 of 2nd period - Shot Misses the Net.
4:57 of 2nd period - Shot by Andreas Athanasiou.
4:57 of 2nd period - Shot Blocked by Jared Spurgeon.
4:59 of 2nd period - Shot by Andreas Athanasiou.
4:59 of 2nd period - Stopped by Vitek Vanecek without a rebound.
5:00 of 2nd period - Steven Stamkos wins face-off versus Nick Schmaltz in Flames zone.
5:09 of 2nd period - Shot by Steven Stamkos.
5:09 of 2nd period - Shot Misses the Net.
5:11 of 2nd period - Shot by Sebastian Aho.
5:11 of 2nd period - Deflect By Steven Stamkos.
5:11 of 2nd period - Stopped by Dan Vladar without a rebound.
5:12 of 2nd period - Mark Jankowski wins face-off versus John Tavares in Jets zone.
5:18 of 2nd period - Victor Olofsson is hit by Ryan Lindgren and loses puck.
5:42 of 2nd period - Shot by Ryan Lindgren.
5:42 of 2nd period - Shot Misses the Net.
5:44 of 2nd period - Shot by Kirill Marchenko.
5:44 of 2nd period - Stopped by Dan Vladar without a rebound.
5:45 of 2nd period - Nick Schmaltz wins face-off versus Steven Stamkos in Jets zone.
6:04 of 2nd period - Shot by Reilly Smith.
6:04 of 2nd period - Stopped by Vitek Vanecek without a rebound.
6:05 of 2nd period - Jordan Kyrou wins face-off versus Oliver Bjorkstrand in Flames zone.
6:11 of 2nd period - Esa Lindell is hit by Colin Miller.
6:36 of 2nd period - Shot by Andreas Athanasiou.
6:36 of 2nd period - Stopped by Vitek Vanecek with a rebound.
6:48 of 2nd period - Minor Penalty to Oliver Bjorkstrand for Roughing.
6:49 of 2nd period - John Tavares wins face-off versus Andreas Athanasiou in Jets zone.
7:34 of 2nd period - Icing by Kirill Marchenko.
7:35 of 2nd period - John Tavares wins face-off versus Mark Jankowski in Flames zone.
7:35 of 2nd period - John Tavares is hit by Mark Jankowski.
8:57 of 2nd period - Shot by Jordan Eberle.
8:57 of 2nd period - Stopped by Dan Vladar without a rebound.
8:58 of 2nd period - Mark Jankowski wins face-off versus Sebastian Aho in Jets zone.
9:07 of 2nd period - Mark Jankowski is hit by Jordan Eberle and loses puck.
10:45 of 2nd period - Shot by Nick Schmaltz.
10:45 of 2nd period - Stopped by Vitek Vanecek without a rebound.
10:46 of 2nd period - Nick Schmaltz wins face-off versus Jordan Kyrou in Flames zone.
10:46 of 2nd period - Nick Schmaltz is hit by Josh Morrissey.
10:47 of 2nd period - Minor Penalty to Josh Morrissey for Roughing.
10:48 of 2nd period - Sean Kuraly wins face-off versus Nick Schmaltz in Flames zone.
10:59 of 2nd period - Shot by Nick Schmaltz.
10:59 of 2nd period - Shot Blocked by Erik Gudbranson.
11:01 of 2nd period - Shot by Hampus Lindholm.
11:01 of 2nd period - Shot Misses the Net.
11:03 of 2nd period - Shot by Hampus Lindholm.
11:03 of 2nd period - Stopped by Vitek Vanecek without a rebound.
11:04 of 2nd period - Andreas Athanasiou wins face-off versus Sean Kuraly in Flames zone.
11:05 of 2nd period - Shot by Oliver Bjorkstrand.
11:05 of 2nd period - Stopped by Vitek Vanecek without a rebound.
11:06 of 2nd period - Nick Schmaltz wins face-off versus Sean Kuraly in Flames zone.
11:21 of 2nd period - Shot by Nick Schmaltz.
11:21 of 2nd period - Shot Misses the Net.
11:23 of 2nd period - Shot by Dmitry Orlov.
11:23 of 2nd period - Stopped by Vitek Vanecek without a rebound.
11:24 of 2nd period - Andreas Athanasiou wins face-off versus John Tavares in Flames zone.
11:33 of 2nd period - Shot by Torey Krug.
11:33 of 2nd period - Shot Misses the Net.
11:45 of 2nd period - Shot by Oliver Bjorkstrand.
11:45 of 2nd period - Shot Misses the Net.
12:23 of 2nd period - Esa Lindell is hit by Reilly Smith and loses puck.
12:34 of 2nd period - Shot by Nick Schmaltz.
12:34 of 2nd period - Stopped by Vitek Vanecek without a rebound.
12:35 of 2nd period - Nick Schmaltz wins face-off versus Sean Kuraly in Flames zone.
12:55 of 2nd period - Joe Veleno is hit by Josh Morrissey and loses puck.
12:59 of 2nd period - Minor Penalty to Joe Veleno for Hooking.
13:00 of 2nd period - Andreas Athanasiou wins face-off versus Steven Stamkos in Jets zone.
15:06 of 2nd period - Off-side.
15:07 of 2nd period - Sebastian Aho wins face-off versus Thomas Novak in neutral zone.
15:22 of 2nd period - Shot by Sebastian Aho.
15:22 of 2nd period - Deflect By Jordan Eberle.
15:22 of 2nd period - Shot Misses the Net.
15:24 of 2nd period - Shot by Sebastian Aho.
15:24 of 2nd period - Deflect By Jordan Eberle.
15:24 of 2nd period - Shot Misses the Net.
15:26 of 2nd period - Shot by Sebastian Aho.
15:26 of 2nd period - Stopped by Dan Vladar without a rebound.
15:27 of 2nd period - Oskar Sundqvist wins face-off versus Jordan Kyrou in Jets zone.
15:32 of 2nd period - Shot by Hampus Lindholm.
15:32 of 2nd period - Shot Misses the Net.
15:34 of 2nd period - Shot by Dmitry Orlov.
15:34 of 2nd period - Shot Blocked by Jared Spurgeon.
15:36 of 2nd period - Shot by Dmitry Orlov.
15:36 of 2nd period - Shot Misses the Net.
16:04 of 2nd period - Shot by Dmitry Orlov.
16:04 of 2nd period - Shot Blocked by Josh Morrissey.
16:06 of 2nd period - Shot by Oskar Sundqvist.
16:06 of 2nd period - Shot Misses the Net.
16:17 of 2nd period - Icing by Jared Spurgeon.
16:18 of 2nd period - Jordan Kyrou wins face-off versus Nick Schmaltz in Flames zone.
16:46 of 2nd period - Shot by Reilly Smith.
16:46 of 2nd period - Stopped by Vitek Vanecek without a rebound.
16:47 of 2nd period - Steven Stamkos wins face-off versus Andreas Athanasiou in Flames zone.
16:47 of 2nd period - Sebastian Aho is hit by Gustav Nyquist and loses puck.
17:23 of 2nd period - Icing by Esa Lindell.
17:24 of 2nd period - Steven Stamkos wins face-off versus Reilly Smith in Flames zone.
17:35 of 2nd period - Shot by Sebastian Aho.
17:35 of 2nd period - Shot Misses the Net.
17:46 of 2nd period - Off-side.
17:47 of 2nd period - Sean Kuraly wins face-off versus Mark Jankowski in neutral zone.
17:49 of 2nd period - Erik Gudbranson is hit by Mark Jankowski and loses puck.
17:54 of 2nd period - Shot by Erik Gudbranson.
17:54 of 2nd period - Deflect By Kirill Marchenko.
17:54 of 2nd period - Shot Misses the Net.
17:56 of 2nd period - Shot by Sean Kuraly.
17:56 of 2nd period - Shot Misses the Net.
17:58 of 2nd period - Shot by Kirill Marchenko.
17:58 of 2nd period - Shot Blocked by Torey Krug.
18:00 of 2nd period - Shot by Ryan Lindgren.
18:00 of 2nd period - Shot Misses the Net.
18:22 of 2nd period - Shot by John Tavares.
18:22 of 2nd period - Shot Misses the Net.
18:24 of 2nd period - Shot by Sean Kuraly.
18:24 of 2nd period - Stopped by Dan Vladar without a rebound.
18:25 of 2nd period - Reilly Smith wins face-off versus Jordan Kyrou in Jets zone.
18:25 of 2nd period - Dmitry Orlov is hit by Lawson Crouse and loses puck.
18:29 of 2nd period - Icing by Hampus Lindholm.
18:30 of 2nd period - Steven Stamkos wins face-off versus Nick Schmaltz in Jets zone.
18:30 of 2nd period - Steven Stamkos is hit by Dmitry Orlov.
19:02 of 2nd period - Shot by Steven Stamkos.
19:02 of 2nd period - Shot Misses the Net.
19:04 of 2nd period - Shot by Sebastian Aho.
19:04 of 2nd period - Shot Misses the Net.
19:06 of 2nd period - Shot by Steven Stamkos.
19:06 of 2nd period - Stopped by Dan Vladar without a rebound.
19:07 of 2nd period - Jordan Kyrou wins face-off versus Andreas Athanasiou in Jets zone.
19:25 of 2nd period - Andreas Athanasiou is hit by Adam Larsson and loses puck.
19:40 of 2nd period - Shot by Andreas Athanasiou.
19:40 of 2nd period - Stopped by Vitek Vanecek without a rebound.
19:41 of 2nd period - John Tavares wins face-off versus Mark Jankowski in Flames zone.
19:41 of 2nd period - John Tavares is hit by Mark Jankowski.
Goals for this period are 2 for Jets vs 1 for Flames.
Shots for this period are 18 for Jets vs 9 for Flames.

3rd period


0:01 of 3rd period - Steven Stamkos wins face-off versus Nick Schmaltz in neutral zone.
0:43 of 3rd period - Shot by Steven Stamkos.
0:43 of 3rd period - Stopped by Dan Vladar with a rebound.
0:45 of 3rd period - Shot by Sebastian Aho.
0:45 of 3rd period - Stopped by Dan Vladar without a rebound.
0:46 of 3rd period - John Tavares wins face-off versus Gustav Nyquist in Jets zone.
1:10 of 3rd period - Off-side.
1:11 of 3rd period - Mark Jankowski wins face-off versus Jordan Kyrou in neutral zone.
1:15 of 3rd period - Icing by Erik Gudbranson.
1:16 of 3rd period - Jordan Kyrou wins face-off versus Oskar Sundqvist in Flames zone.
1:24 of 3rd period - Jordan Kyrou is hit by Hampus Lindholm and loses puck.
1:58 of 3rd period - Mark Jankowski is hit by Erik Gudbranson and loses puck.
2:38 of 3rd period - Steven Stamkos is hit by Connor Murphy and loses puck.
2:53 of 3rd period - Shot by Sebastian Aho.
2:53 of 3rd period - Goal by Sebastian Aho - Jets : 3 - Flames : 3.
2:54 of 3rd period - John Tavares wins face-off versus Andreas Athanasiou in neutral zone.
3:09 of 3rd period - Icing by Sean Kuraly.
3:10 of 3rd period - John Tavares wins face-off versus Thomas Novak in Flames zone.
3:14 of 3rd period - Off-side.
3:15 of 3rd period - Andreas Athanasiou wins face-off versus Jordan Kyrou in neutral zone.
3:17 of 3rd period - Dmitry Orlov is hit by Lawson Crouse and loses puck.
3:26 of 3rd period - Shot by Gustav Nyquist.
3:26 of 3rd period - Shot Misses the Net.
3:28 of 3rd period - Shot by Hampus Lindholm.
3:28 of 3rd period - Stopped by Vitek Vanecek without a rebound.
3:29 of 3rd period - Steven Stamkos wins face-off versus Nick Schmaltz in Flames zone.
3:29 of 3rd period - Steven Stamkos is hit by Connor Murphy.
3:32 of 3rd period - Sebastian Aho is hit by Nick Schmaltz and loses puck.
4:16 of 3rd period - Minor Penalty to Reilly Smith for Goalie Interference.
4:17 of 3rd period - Andreas Athanasiou wins face-off versus John Tavares in Jets zone.
5:37 of 3rd period - Shot by Esa Lindell.
5:37 of 3rd period - Stopped by Dan Vladar without a rebound.
5:38 of 3rd period - John Tavares wins face-off versus Andre Burakovsky in Jets zone.
5:47 of 3rd period - Shot by Josh Morrissey.
5:47 of 3rd period - Shot Misses the Net.
5:58 of 3rd period - Icing by Jared Spurgeon.
5:59 of 3rd period - Andreas Athanasiou wins face-off versus John Tavares in Flames zone.
6:00 of 3rd period - Shot by Garnet Hathaway.
6:00 of 3rd period - Deflect By Andreas Athanasiou.
6:00 of 3rd period - Stopped by Vitek Vanecek without a rebound.
6:01 of 3rd period - Andreas Athanasiou wins face-off versus Steven Stamkos in Flames zone.
6:08 of 3rd period - Shot by Andreas Athanasiou.
6:08 of 3rd period - Shot Blocked by Steven Stamkos.
6:14 of 3rd period - Shot by Adam Larsson.
6:14 of 3rd period - Shot Misses the Net.
6:40 of 3rd period - Shot by Sebastian Aho.
6:40 of 3rd period - Stopped by Dan Vladar without a rebound.
6:41 of 3rd period - Mark Jankowski wins face-off versus Jordan Kyrou in Jets zone.
6:41 of 3rd period - Hampus Lindholm is hit by Lawson Crouse and loses puck.
6:48 of 3rd period - Shot by Jordan Kyrou.
6:48 of 3rd period - Stopped by Dan Vladar without a rebound.
6:49 of 3rd period - John Tavares wins face-off versus Thomas Novak in Jets zone.
6:52 of 3rd period - Shot by Kirill Marchenko.
6:52 of 3rd period - Shot Blocked by Dmitry Orlov.
7:12 of 3rd period - Shot by Joe Veleno.
7:12 of 3rd period - Stopped by Vitek Vanecek without a rebound.
7:13 of 3rd period - Nick Schmaltz wins face-off versus Steven Stamkos in Flames zone.
7:24 of 3rd period - Shot by Nick Schmaltz.
7:24 of 3rd period - Stopped by Vitek Vanecek without a rebound.
7:25 of 3rd period - John Tavares wins face-off versus Andreas Athanasiou in Flames zone.
7:30 of 3rd period - Shot by Josh Morrissey.
7:30 of 3rd period - Shot Misses the Net.
8:29 of 3rd period - Off-side.
8:30 of 3rd period - Mark Jankowski wins face-off versus Steven Stamkos in neutral zone.
9:03 of 3rd period - Shot by Victor Olofsson.
9:03 of 3rd period - Stopped by Vitek Vanecek with a rebound.
9:05 of 3rd period - Shot by Oskar Sundqvist.
9:05 of 3rd period - Shot Blocked by Adam Larsson.
9:07 of 3rd period - Shot by Mark Jankowski.
9:07 of 3rd period - Stopped by Vitek Vanecek without a rebound.
9:08 of 3rd period - Nick Schmaltz wins face-off versus Jordan Kyrou in Flames zone.
9:10 of 3rd period - Reilly Smith is hit by Erik Gudbranson and loses puck.
9:34 of 3rd period - Icing by Ryan Lindgren.
9:35 of 3rd period - Jordan Kyrou wins face-off versus Andreas Athanasiou in Flames zone.
9:50 of 3rd period - Hampus Lindholm is hit by Erik Gudbranson and loses puck.
9:57 of 3rd period - Shot by Jordan Kyrou.
9:57 of 3rd period - Shot Misses the Net.
10:01 of 3rd period - Shot by Jordan Kyrou.
10:01 of 3rd period - The goal is going for a video replay.
10:01 of 3rd period - The goal is good.
10:01 of 3rd period - Goal by Jordan Kyrou - Jets : 3 - Flames : 4.
10:02 of 3rd period - Nick Schmaltz wins face-off versus Steven Stamkos in neutral zone.
10:32 of 3rd period - Shot by Nick Schmaltz.
10:32 of 3rd period - The goal is going for a video replay.
10:32 of 3rd period - The goal is good.
10:32 of 3rd period - Goal by Nick Schmaltz - Jets : 4 - Flames : 4.
10:33 of 3rd period - Andreas Athanasiou wins face-off versus John Tavares in neutral zone.
11:00 of 3rd period - Shot by Adam Larsson.
11:00 of 3rd period - Stopped by Dan Vladar without a rebound.
11:01 of 3rd period - Steven Stamkos wins face-off versus Nick Schmaltz in Jets zone.
11:06 of 3rd period - Shot by Sebastian Aho.
11:06 of 3rd period - Stopped by Dan Vladar without a rebound.
11:07 of 3rd period - Steven Stamkos wins face-off versus Nick Schmaltz in Jets zone.
11:54 of 3rd period - Sebastian Aho is hit by Connor Murphy.
12:28 of 3rd period - Shot by Jordan Kyrou.
12:28 of 3rd period - Shot Blocked by Oliver Bjorkstrand.
12:37 of 3rd period - Off-side.
12:38 of 3rd period - John Tavares wins face-off versus Thomas Novak in neutral zone.
12:48 of 3rd period - John Tavares is hit by Colin Miller and loses puck.
12:58 of 3rd period - Off-side.
12:59 of 3rd period - Mark Jankowski wins face-off versus Jordan Kyrou in neutral zone.
13:36 of 3rd period - Shot by Jordan Kyrou.
13:36 of 3rd period - Stopped by Dan Vladar without a rebound.
13:37 of 3rd period - John Tavares wins face-off versus Nick Schmaltz in Jets zone.
13:50 of 3rd period - Shot by John Tavares.
13:50 of 3rd period - Shot Misses the Net.
14:55 of 3rd period - Shot by Andreas Athanasiou.
14:55 of 3rd period - Shot Misses the Net.
14:57 of 3rd period - Shot by Andreas Athanasiou.
14:57 of 3rd period - Shot Misses the Net.
16:51 of 3rd period - Shot by Jordan Kyrou.
16:51 of 3rd period - Deflect By Lawson Crouse.
16:51 of 3rd period - Shot Blocked by Torey Krug.
17:10 of 3rd period - Icing by Nick Schmaltz.
17:11 of 3rd period - John Tavares wins face-off versus Nick Schmaltz in Jets zone.
17:19 of 3rd period - Andre Burakovsky is hit by Sean Kuraly and loses puck.
17:47 of 3rd period - Minor Penalty to Josh Morrissey for Interference.
17:48 of 3rd period - Sean Kuraly wins face-off versus Andreas Athanasiou in Flames zone.
19:20 of 3rd period - Shot by Nick Schmaltz.
19:20 of 3rd period - Deflect By Reilly Smith.
19:20 of 3rd period - Shot Misses the Net.
19:38 of 3rd period - Shot by Nick Schmaltz.
19:38 of 3rd period - Shot Misses the Net.
19:39 of 3rd period - Minor Penalty to Erik Gudbranson for Holding.
19:40 of 3rd period - Nick Schmaltz wins face-off versus Sean Kuraly in Flames zone.
19:57 of 3rd period - Shot by Nate Schmidt.
19:57 of 3rd period - Stopped by Vitek Vanecek without a rebound.
19:58 of 3rd period - Sean Kuraly wins face-off versus Nick Schmaltz in Flames zone.
Goals for this period are 1 for Jets vs 2 for Flames.
Shots for this period are 8 for Jets vs 10 for Flames.

Overtime #1


0:01 of 1st overtime period - John Tavares wins face-off versus Nick Schmaltz in neutral zone.
0:30 of 1st overtime period - Shot by Reilly Smith.
0:30 of 1st overtime period - Shot Misses the Net.
0:44 of 1st overtime period - Shot by Reilly Smith.
0:44 of 1st overtime period - Stopped by Vitek Vanecek without a rebound.
0:45 of 1st overtime period - Sean Kuraly wins face-off versus Nick Schmaltz in Flames zone.
1:56 of 1st overtime period - Shot by Sebastian Aho.
1:56 of 1st overtime period - Stopped by Dan Vladar with a rebound.
3:06 of 1st overtime period - Shot by Victor Olofsson.
3:06 of 1st overtime period - Shot Blocked by Josh Morrissey.
3:21 of 1st overtime period - Icing by Hampus Lindholm.
3:22 of 1st overtime period - Oliver Bjorkstrand wins face-off versus Sebastian Aho in Jets zone.
3:41 of 1st overtime period - Shot by Sebastian Aho.
3:41 of 1st overtime period - Stopped by Dan Vladar without a rebound.
3:42 of 1st overtime period - Sebastian Aho wins face-off versus Nick Schmaltz in Jets zone.
3:47 of 1st overtime period - Shot by Sebastian Aho.
3:47 of 1st overtime period - Stopped by Dan Vladar without a rebound.
3:48 of 1st overtime period - Sebastian Aho wins face-off versus Nick Schmaltz in Jets zone.
3:49 of 1st overtime period - Shot by Steven Stamkos.
3:49 of 1st overtime period - Stopped by Dan Vladar without a rebound.
3:50 of 1st overtime period - Nick Schmaltz wins face-off versus Sebastian Aho in Jets zone.
3:50 of 1st overtime period - Nick Schmaltz is hit by Sebastian Aho.
3:53 of 1st overtime period - Icing by Reilly Smith.
3:54 of 1st overtime period - Sebastian Aho wins face-off versus Nick Schmaltz in Jets zone.
4:20 of 1st overtime period - Shot by Nick Schmaltz.
4:20 of 1st overtime period - Stopped by Vitek Vanecek without a rebound.
4:21 of 1st overtime period - Nick Schmaltz wins face-off versus Sebastian Aho in Flames zone.
4:34 of 1st overtime period - Shot by Nick Schmaltz.
4:34 of 1st overtime period - Stopped by Vitek Vanecek without a rebound.
4:35 of 1st overtime period - Nick Schmaltz wins face-off versus Sebastian Aho in Flames zone.
4:48 of 1st overtime period - Shot by Sebastian Aho.
4:48 of 1st overtime period - Shot Misses the Net.
4:50 of 1st overtime period - Shot by Sebastian Aho.
4:50 of 1st overtime period - Stopped by Dan Vladar without a rebound.
4:51 of 1st overtime period - John Tavares wins face-off versus Andre Burakovsky in Jets zone.
Goals for this period are 0 for Jets vs 0 for Flames.
Shots for this period are 3 for Jets vs 5 for Flames.

ShootOut


5:00 of 1st overtime period - Round #1.
5:00 of 1st overtime period - Jets, Victor Olofsson.
5:00 of 1st overtime period - Stopped by Vitek Vanecek.
5:00 of 1st overtime period - Flames, Steven Stamkos.
5:00 of 1st overtime period - Stopped by Dan Vladar.
5:00 of 1st overtime period - Round #2.
5:00 of 1st overtime period - Jets, Reilly Smith.
5:00 of 1st overtime period - Goal by Reilly Smith.
5:00 of 1st overtime period - Flames, John Tavares.
5:00 of 1st overtime period - Goal by John Tavares.
5:00 of 1st overtime period - Round #3.
5:00 of 1st overtime period - Jets, Oliver Bjorkstrand.
5:00 of 1st overtime period - Shot Misses the Net.
5:00 of 1st overtime period - Flames, Sebastian Aho.
5:00 of 1st overtime period - Shot Misses the Net.
5:00 of 1st overtime period - Round #4.
5:00 of 1st overtime period - Jets, Andre Burakovsky.
5:00 of 1st overtime period - Goal by Andre Burakovsky.
5:00 of 1st overtime period - Flames, Alex DeBrincat.
5:00 of 1st overtime period - Stopped by Dan Vladar.